AoeStats
← hemba3d

MegaRandom

509699320Analyzed
2v2 RM · 4d ago on Sep 27, 2026· 61m 12s· 4 players
Game mode
Random Map
Map size
Medium (4 player)
Population
200
Speed
Normal
Resources
Standard
Victory
Conquest
Starting age
Dark Age
Ending age
Imperial Age
RankedLock teamsTeams togetherTeam positionsShared explorationLock speedFull tech treeHidden civsTurbo modeCheats
Victory
Defeat
🇨🇱 Huns · Chile
454
+4
🇺🇸 Wu · United States
419
+4
🇸🇪 Khmer · Sweden
108
-4
🇸🇪 Franks · Sweden
108
-4
hemba3d
11:40 Feudal Age
29:39 Castle Age
29:48 Castle Age
29:37 Man-at-Arms
38:18 Imperial Age
39:41 Wheelbarrow
49:09 Double-Bit Axe
Dan-R-Z
2:31 Loom
11:32 Feudal Age
24:07 Castle Age
22:47 Man-at-Arms
27:17 Double-Bit Axe
33:30 Husbandry
42:08 Imperial Age
43:23 Caravan
45:36 Cavalier
47:15 Cranequins
49:16 Chivalry
52:39 Elite Throwing Axeman
55:29 Paladin
ndyer98
11:54 Feudal Age
13:49 Double-Bit Axe
15:25 Wheelbarrow
15:00 Horse Collar
19:32 Stone Mining
19:36 Gold Mining
28:17 Castle Age
30:17 Hand Cart
30:19 Bow Saw
30:12 Heavy Plow
34:36 Imperial Age
33:23 Caravan
37:05 Padded Archer Armor
36:55 Fletching
37:11 Sitting Tiger
37:35 Conscription
38:39 Gold Shaft Mining
38:49 Stone Shaft Mining
40:10 Chemistry
39:32 Ballistics
41:03 Elite Fire Archer
42:08 Leather Archer Armor
42:00 Bodkin Arrow
44:53 Bracer
46:17 Forging
46:08 Scale Mail Armor
45:34 Pikeman
46:14 Squires
46:00 Arson
47:06 Halberdier
48:06 Chain Mail Armor
48:27 Iron Casting
48:01 Red Cliffs Tactics
50:25 Plate Mail Armor
51:06 Blast Furnace
ErmoAlan
11:22 Feudal Age
13:39 Double-Bit Axe
22:24 Castle Age
21:00 Gold Mining
20:54 Horse Collar
21:30 Man-at-Arms
22:12 Stone Mining
23:18 Bloodlines
30:25 Forging
31:39 Wheelbarrow
33:49 Gold Shaft Mining
41:44 Hand Cart
44:04 Imperial Age
42:43 Iron Casting
42:09 Padded Archer Armor
42:00 Fletching
42:16 Scale Barding Armor
42:11 Scale Mail Armor
42:16 Husbandry
41:36 Light Cavalry
42:24 Thumb Ring
41:40 Crossbowman
41:40 Elite Skirmisher
42:27 Heavy Plow
42:46 Bow Saw
43:45 Long Swordsman
43:46 Pikeman
44:26 Squires
44:12 Arson
45:05 Coinage
44:35 Caravan
46:10 Parthian Tactics
45:05 Heavy Cavalry Archer
45:08 Capped Ram
45:19 Cavalier
45:28 Two-Handed Swordsman
45:28 Halberdier
48:23 Loom
48:23 Town Watch
51:11 Blast Furnace
50:27 Leather Archer Armor
50:08 Bodkin Arrow
50:28 Chain Mail Armor
50:34 Chain Barding Armor
50:52 Banking
50:33 Guilds
50:54 Sanctity
50:56 Heresy
51:03 Illumination
50:40 Devotion
50:40 Atonement
50:51 Fervor
54:20 Siege Ram
54:51 Elite Tarkan
55:35 Marauders
55:56 Atheism
55:00 Paladin
55:01 Hussar
Connection lost

Rejoining the realm…

Still unreachable

The connection could not be restored.

Session expired

The server has moved on; the page needs a fresh start.